 Dungeon Crawl Stone Soup version 0.29-a0-321-gf1c400731a (webtiles) character file.

Game seed: 14897454341020905588

287 wakim the Ruffian (level 6, -1/53 HPs)
             Began as a Ghoul Gladiator on Apr 3, 2022.
             Slain by a two-headed ogre
             ... wielding a +0 giant club
              (13 damage)
             ... on level 4 of the Dungeon.
             The game lasted 00:08:08 (2932 turns).

wakim the Ruffian (Ghoul Gladiator)                 Turns: 2932, Time: 00:08:09

Health: -1/53      AC:  6    Str: 18    XL:     6   Next: 30%
Magic:  5/5        EV: 12    Int:  5    God:
Gold:   196        SH:  0    Dex: 16    Spells: 5/5 levels left

rFire   . . .      SeeInvis .     - Unarmed
rCold   + . .      Faith    .   (no shield)
rNeg    + + +      Spirit   .   Y - +2 leather armour of Quiet Fog {Dex+6}
rPois   ∞          Reflect  .   K - +0 helmet
rElec   .          Harm     .   (no cloak)
rCorr   .          Rampage  .   (no gloves)
Will    .....                   (no boots)
Stlth   +.........              (no amulet)
HPRegen 0.00/turn               (no ring)
MPRegen 0.09/turn               (no ring)

@: inhibited regen, hasted, very quick
A: claws 1, cold resistance 1, negative energy resistance 3, inhibited
regeneration, torment resistance 2, devour on kill
a: no special abilities


You were on level 4 of the Dungeon.
You visited 1 branch of the dungeon, and saw 4 of its levels.

You collected 196 gold pieces.

Inventory:

Hand Weapons
 b - a +3 dagger of venom
 V - the +7 Throatcutter {drain, coup de grace}
   (You took it off Terence on level 2 of the Dungeon)

   A truly terrible weapon, it drains the life of any living foe it strikes.
   It may instantly kill foes which have little health.
Missiles
 c - a throwing net (quivered) {=f!f}
 d - a javelin
 f - 12 poisoned darts
Armour
 K - a +0 helmet (worn)
 Y - the +2 leather armour of Quiet Fog (worn) {Dex+6}
   (You found it on level 3 of the Dungeon)

   Dex:       It affects your dexterity (+6).
Wands
 t - a wand of digging (7)
Scrolls
 r - a scroll of identify
 T - a scroll of teleportation
Potions
 A - a potion of ambrosia
 B - a potion of attraction {!q}
 F - 3 potions of curing
 H - 2 potions of haste
 J - 5 potions of heal wounds
 X - a potion of cancellation {unknown}
 Z - a potion of berserk rage {unknown}


   Skills:
 + Level 4.3 Fighting
 - Level 1.7 Throwing
 - Level 2.6 Dodging
 * Level 6.4 Unarmed Combat


You had 5 spell levels left.
You didn't know any spells.
Your spell library contained the following spells:

 Spells                   Type           Power      Damage    Failure   Level
 Portal Projectile        Hex/Tloc       0%         N/A       88%         3
 Excruciating Wounds      Necr           0%         N/A       100%        5
 Blade Hands              Tmut           Unusable   N/A       N/A         5

Dungeon Overview and Level Annotations

Branches:
Dungeon (4/15)
 Temple: D:4-7

Altars:


Innate Abilities, Weirdness & Mutations

You are immune to poison.
You have sharp fingernails.
Your flesh is cold resistant. (rC+)
You are immune to negative energy. (rN+++)
You do not regenerate when monsters are visible.
You are immune to unholy pain and torment.
You thrive by killing the living.


Message History

The bullfrog is heavily wounded.
The bullfrog hits you but does no damage.
You closely miss the bullfrog.
The bullfrog is heavily wounded.
The bullfrog hits you. 43/46 (-3)
You claw the bullfrog!
The bullfrog is almost dead.
The bullfrog barely misses you. The bullfrog misses you.
You barely miss the bullfrog.
The bullfrog is almost dead.
The bullfrog releases a deep croak.
The bullfrog barely misses you.
You closely miss the bullfrog.
The bullfrog is almost dead.
The bullfrog hits you. 37/46 (-6)
You claw the bullfrog!
You kill the bullfrog!
You feel better.
You have reached level 6!
No target in view!
Found a manual of Polearms.
A scorpion comes into view. 53/53 (+16)
A scorpion is nearby!
A two-headed ogre comes into view. It is wielding two +0 giant clubs.
The two-headed ogre shouts in stereo!
You hear an angry hiss. x2
A hobgoblin comes into view.
You hear an angry hiss.
The two-headed ogre attacks as you move away!
The two-headed ogre closely misses you.
The two-headed ogre hits you with a +0 giant club!!
The hobgoblin shouts! 27/53 (-26)
You feel yourself speed up.
The two-headed ogre hits you with a +0 giant club!
* * * LOW HITPOINT WARNING * * *
The two-headed ogre hits you with a +0 giant club!
You die...

.. #.###.......#......
..#
............#..#.#.
#.# ..####..##.#..#.#.
#:###..# #..##.#......
#.#.#.# #..........#.
#g.#.# ##.###.##.###.
#s#.###...##.##.# #.
#O.##.....#.##.# #.
#.#@#........##.###.
#..#......<..÷.......
#...#.#.......###.###.
..###..##.....###..#
#. ... ...####...##
#.## #. ..(
..#######.## #.# #.
#.#..........## #.#
### ##########.#
#.###.. #†# #......


You could see a two-headed ogre, a scorpion and a hobgoblin.

Vanquished Creatures
  A bullfrog (D:4)
  A jelly (D:4)
  Terence (D:2)
  2 orc wizards
  3 adders
  2 ufetubi (D:4)
  3 worms (D:2)
  3 dart slugs
  4 orcs
  2 endoplasms
  A giant cockroach (D:4)
  8 goblins
  4 hobgoblins
  5 jackals
  5 kobolds
  A quokka (D:1)
  6 ball pythons
  5 bats
  3 frilled lizards (D:1)
  4 rats
64 creatures vanquished.

Notes
Turn   | Place    | Note
-------+----------+-------------------------------------------
     0 | D:1      | wakim the Ghoul Gladiator began the quest for the Orb.
     0 | D:1      | Reached XP level 1. HP: 17/17 MP: 0/0
    96 | D:1      | Reached XP level 2. HP: 25/25 MP: 1/1
   359 | D:1      | Reached skill level 4 in Unarmed Combat
   715 | D:1      | Reached XP level 3. HP: 29/30 MP: 2/2
  1304 | D:2      | Noticed Terence
  1321 | D:2      | Killed Terence
  1322 | D:2      | Reached XP level 4. HP: 29/38 MP: 3/3
  1333 | D:2      | !bestwep
  1650 | D:2      | Reached skill level 5 in Unarmed Combat
  1940 | D:3      | Identified the +2 leather armour of Quiet Fog {Dex+6}
  2209 | D:3      | Reached XP level 5. HP: 33/46 MP: 4/4
  2450 | D:3      | Found a faded altar of an unknown god.
  2675 | D:4      | Reached skill level 6 in Unarmed Combat
  2904 | D:4      | Reached XP level 6. HP: 49/53 MP: 5/5
  2930 | D:4      | Noticed a two-headed ogre
  2932 | D:4      | Slain by a two-headed ogre

Illustrated notes

## #. ##.
### ..
..# # #.
#.#.#
#.##.#.#
#.[@...#
####.###
####.###
#......#
#.##.#.#
.##
#.##.#.#
.......
#>#..#.#
.. ...
#.#.##.#
#.# ...
##.#.##.#


Turn 1333 on D:2: !bestwep

Levels and vault maps discovered:
D:1:      shiori_arrival_oz, layout_basic, minivault_19
D:2:      layout_loops_cross, uniq_terence
D:3:      layout_basic, shapermc_ecumenical_altar_venn
D:4:      layout_loops_ring, kennysheep_vampire_church, minmay_manual_mail

Skill      XL: |  1  2  3  4  5 |
---------------+----------------+-----
Unarmed Combat | 4 5 6 |  6.4
Fighting       | 3 4 |  4.3
Throwing       | |  1.7
Dodging        | |  2.6

Action                   |  1- 3 |  4- 6 || total
-------------------------+-------+-------++-------
Melee: Unarmed           |    91 |   114 ||   205
       Punch             |     5 |       ||     5
Throw: Throwing net      |     2 |       ||     2
  Use: Scroll            |     7 |     4 ||    11
       Potion            |       |     1 ||     1
 Stab: Held in net/web   |     2 |       ||     2
       Sleeping          |       |     2 ||     2
Armor: Leather armour    |    15 |    46 ||    61
       Scale mail        |       |     2 ||     2
Dodge: Dodged            |    46 |    69 ||   115

Table legend: (Time is in decaauts)
 A = Elapsed time spent in this place.
 B = Non-inter-level travel time spent in this place.
 C = Inter-level travel time spent in this place.
 D = Time resting spent in this place.
 E = Time spent auto-exploring this place.
 F = Levels seen in this place.
 G = Mean time per level.
                   A        B        C        D        E       F      G
               +--------+--------+--------+--------+--------+-----+--------+
         Total |   2914 |   2849 |     65 |      0 |   2309 |   4 |  728.5 |
       Dungeon |   2914 |   2849 |     65 |      0 |   2309 |   4 |  728.5 |
               +--------+--------+--------+--------+--------+-----+--------+

Top non-repeatable levels by time:
     D:1: 980 daAuts
     D:2: 874 daAuts
     D:3: 677 daAuts
     D:4: 382 daAuts
